Map: 锈化山巅-天梯版

Players

Prince

  • Race: Protoss Protoss
  • League: Grandmaster
  • Spawn Location: 1:00

llllllllllll - Winner!

  • Race: Terran Terran
  • League: Grandmaster
  • Spawn Location: 7:00

VOD

Have the link to the VOD?

Description

Time

  • Played on: Feb. 4, 2021, 1:22 p.m.
  • Length: 10:45
Show
View Real Time Build Order
Export as new Build Order

Prince Protoss 

Build Orders: 1 Gate Expand, Oracle Opening 

Get SALT Encoding   

  12  0:00  Probe  
  13  0:12  Probe  
  14  0:17  Pylon  
  14  0:24  Probe  
  15  0:37  Gateway  
  15  0:39  Probe (Chrono Boost)  
  16  0:48  Probe (Chrono Boost), Assimilator  
  17  0:53  Probe (Chrono Boost)  
  18  1:05  Probe  
  19  1:17  Probe  
  20  1:23  Nexus  
  20  1:32  Cybernetics Core  
  20  1:35  Probe  
  21  1:40  Assimilator  
  21  1:47  Probe  
  21  1:50  Pylon  
  22  1:59  Probe  
  23  2:06  Adept (Chrono Boost)  
  23  2:11  Probe  
  26  2:23  Probe  
  26  2:25  Stargate  
  26  2:26  Adept (Chrono Boost)  
  29  2:33  Warp Gate  
  29  2:37  Probe (Chrono Boost)  
  31  2:41  Probe (Chrono Boost)  
  31  2:45  Probe (Chrono Boost)  
  31  2:48  Probe (Chrono Boost)  
  31  2:50  Adept  
  31  2:51  Probe  
  36  2:59  Probe  
  36  3:03  Probe  
  38  3:06  Oracle (Chrono Boost)  
  38  3:11  Probe  
  42  3:15  Probe  
  42  3:17  Pylon  
  43  3:24  Probe  
  44  3:32  Gateway  
  44  3:33  Gateway  
  44  3:37  Oracle (Chrono Boost)  
  44  3:40  Probe x2  
  49  3:52  Probe x2  
  51  4:00  Pylon  
  51  4:09  Nexus  
  51  4:10  Probe x2  
  51  4:13  Pylon  
  51  4:16  Assimilator  
  53  4:18  Oracle (Chrono Boost)  
  53  4:19  Assimilator  
  57  4:29  Adept x2  
  57  4:31  Adept  
  62  4:33  Probe x2  
  62  4:36  Pylon  
  64  4:44  Twilight Council  
  64  4:45  Forge  
  64  4:46  Probe x2  
  64  4:50  Shield Battery  
  66  5:00  Shield Battery  
  66  5:02  Adept x2, Sentry  
  66  5:05  Probe x2  
  74  5:11  Pylon  
  64  5:23  Adept x2  
  64  5:24  Protoss Ground Weapons Level 1 (Chrono Boost)  
  64  5:25  Probe x2  
  64  5:28  Blink (Chrono Boost)  
  48  5:36  Stalker  
  48  5:44  Stalker x2  
  52  5:58  Gateway x2  
  52  5:59  Gateway  
  52  6:01  Sentry  
  54  6:08  Stalker, Sentry  
  54  6:10  Probe x2  
  60  6:24  Pylon  
  60  6:25  Gateway  
  60  6:27  Robotics Facility  
  60  6:37  Zealot x3  
  60  6:53  Stalker x3  
  58  6:56  Probe x2  
  55  7:01  Stalker x2  
  55  7:02  Stalker  
  55  7:08  Probe  
  62  7:15  Observer  
  63  7:16  Nexus  
  63  7:18  Sentry  
  63  7:19  Stalker x3  
  71  7:24  Pylon  
  71  7:33  Robotics Bay  
  71  7:46  Stalker x2  
  71  7:47  Stalker x2  
  71  7:48  Shield Battery  
  71  7:49  Probe  
  71  7:50  Probe  
  81  7:56  Charge  
  69  8:18  Stalker  
  69  8:19  Stalker x4  
  68  8:23  Observer  
  58  8:41  Probe x3  
  58  8:42  Observer, Colossus (Chrono Boost)  
  66  8:56  Zealot x2  
  66  8:57  Zealot x3, Sentry  
  66  8:58  Stalker  
  66  9:00  Photon Cannon  
  66  9:01  Probe x2  
  82  9:03  Extended Thermal Lance (Chrono Boost)  
  82  9:05  Pylon  
  82  9:08  Probe  
  83  9:30  Observer, Probe  
  83  9:32  Colossus (Chrono Boost)  
  89  9:42  Assimilator  
  89  9:47  Assimilator  
  89  9:49  Photon Cannon  
  89  9:56  Pylon  
  89  10:00  Stalker x2, Sentry  
  89  10:02  Zealot x2, Stalker  
  101  10:20  Probe x3  
  104  10:21  Pylon  
  104  10:23  Pylon  
  84  10:31  Zealot x5  
  84  10:32  Zealot  
Show
View Real Time Build Order
Export as new Build Order

llllllllllll Terran - Winner!

Build Orders:  

Get SALT Encoding   

  12  0:00  SCV  
  13  0:12  SCV  
  14  0:16  Supply Depot  
  14  0:24  SCV  
  15  0:38  SCV  
  15  0:40  Barracks  
  16  0:44  Refinery  
  16  0:50  SCV  
  17  1:02  SCV  
  18  1:14  SCV  
  19  1:27  Orbital Command, Marine  
  20  1:40  Command Center  
  20  1:47  Barracks Reactor  
  20  1:53  SCV  
  21  1:56  Supply Depot  
  21  2:05  SCV, Barracks  
  22  2:17  SCV  
  22  2:22  Barracks, Marine x2  
  23  2:29  SCV  
  26  2:40  Marine x2  
  26  2:41  SCV  
  29  2:52  Orbital Command  
  29  2:53  SCV, Barracks Tech Lab  
  29  2:58  Marine x2  
  30  3:05  SCV  
  33  3:09  Barracks Tech Lab  
  33  3:11  Supply Depot  
  33  3:12  Marauder, Stimpack  
  35  3:16  Marine x2  
  35  3:17  SCV  
  38  3:20  Refinery  
  38  3:21  SCV  
  39  3:28  Marauder  
  39  3:30  SCV  
  39  3:33  SCV  
  39  3:34  Marine x2  
  44  3:37  Supply Depot  
  45  3:42  SCV  
  45  3:45  SCV, Combat Shield  
  47  3:50  Supply Depot  
  47  3:53  Marine x2  
  47  3:54  SCV  
  50  3:59  Engineering Bay  
  50  4:03  SCV  
  50  4:08  Marine x2  
  51  4:11  SCV, Marine x2  
  51  4:15  SCV  
  55  4:24  Terran Infantry Weapons Level 1  
  55  4:26  Missile Turret  
  55  4:27  Missile Turret  
  55  4:29  SCV x2  
  57  4:33  Marine x2  
  57  4:35  Marine x2  
  61  4:39  Factory  
  61  4:42  SCV  
  61  4:45  SCV  
  63  4:46  Supply Depot  
  63  4:55  Marauder x2, Marine x2  
  63  4:58  SCV  
  70  5:04  Supply Depot, Concussive Shells  
  70  5:05  Refinery  
  70  5:08  SCV  
  70  5:10  SCV  
  72  5:14  Marine x2  
  72  5:16  Marauder  
  72  5:26  Marauder  
  67  5:32  Marine  
  67  5:34  Marine  
  66  5:38  Marauder  
  66  5:39  Factory Reactor  
  66  5:41  SCV x2, Starport  
  70  5:42  Supply Depot  
  70  5:47  Marauder  
  70  5:49  Marine  
  72  5:54  Marine  
  73  5:59  Barracks x2, Marauder  
  73  6:01  SCV x2  
  77  6:05  Supply Depot  
  77  6:14  Marauder, Marine x2  
  81  6:18  Terran Infantry Armor Level 1  
  81  6:20  Marauder  
  81  6:25  Medivac x2, Factory Reactor  
  87  6:28  SCV  
  83  6:43  Marauder x2, Marine x2  
  83  6:46  SCV  
  83  6:47  SCV  
  70  6:55  Medivac  
  70  6:58  SCV  
  70  7:01  Marine x2  
  67  7:04  Barracks Tech Lab, Marauder x2  
  67  7:06  Command Center  
  75  7:08  Widow Mine x2  
  75  7:12  Barracks Reactor  
  75  7:13  Refinery  
  75  7:17  SCV x2  
  75  7:19  Marine x2  
  79  7:22  Armory  
  79  7:26  Marauder  
  79  7:29  SCV, Marauder  
  88  7:30  Widow Mine x2  
  88  7:34  Marauder  
  88  7:36  Marine x2  
  91  7:41  SCV x2  
  94  7:47  Marauder  
  100  7:51  Widow Mine x2  
  100  7:53  SCV  
  100  7:55  Supply Depot x2  
  98  8:09  Marauder  
  93  8:13  Marine  
  93  8:14  Marauder, Marine  
  93  8:15  Widow Mine  
  93  8:16  Widow Mine  
  91  8:21  Marauder  
  90  8:30  Marine  
  90  8:31  Marauder  
  90  8:34  Marine  
  87  8:35  Marauder  
  87  8:37  Marine x2  
  85  8:41  SCV x2  
  85  8:42  Orbital Command, Marauder  
  85  8:46  Ghost Academy  
  85  8:47  Widow Mine  
  85  8:48  Widow Mine, Marine  
  91  8:50  Liberator  
  91  8:51  Marine  
  91  8:52  Marauder  
  91  8:54  Liberator  
  99  8:57  Marauder, Marine x2  
  103  9:05  Marauder  
  103  9:09  Widow Mine x2  
  109  9:13  Marauder  
  109  9:14  Refinery  
  109  9:15  Refinery  
  111  9:17  Marine  
  111  9:19  Marauder  
  114  9:29  Marauder, Marine x2  
  114  9:31  Widow Mine x2  
  118  9:33  Marine  
  118  9:35  Marauder, Marine  
  118  9:38  SCV x2, Supply Depot  
  122  9:40  SCV, Marauder  
  125  9:47  Marine x2  
  125  9:50  SCV x2  
  129  9:53  SCV  
  130  10:01  Marine x2  
  130  10:03  Medivac x2  
  130  10:05  Widow Mine x2  
  140  10:15  Marine  
  140  10:18  Supply Depot x2  
  140  10:19  Supply Depot  
  141  10:24  Marine  
  141  10:26  Marine x2  
Tags
 
Add a new tag
Caveats
  • Supply blocks, unpowered buildings, or Contaminate may cause inaccurate times.
  • Supply counts are checked every 10 seconds.